AoeStats
← MatzeAoE

MegaRandom

505630740Analyzed
1v1 RM · 22d ago on Sep 10, 2026· 18m 27s· 2 players
Game mode
Random Map
Map size
Tiny (2 player)
Population
200
Speed
Normal
Resources
Standard
Victory
Conquest
Starting age
Dark Age
Ending age
Imperial Age
RankedLock teamsTeams togetherTeam positionsShared explorationLock speedFull tech treeHidden civsTurbo modeCheats
Victory
Defeat
🇩🇪 Bengalis · Germany
2173
+9
🇯🇵 Lithuanians · Japan
2022
-9
うーぺー
8:56 Feudal Age
9:14 Man-at-Arms
9:40 Arson
11:50 Double-Bit Axe
12:14 Horse Collar
12:53 Loom
19:36 Castle Age
MatzeAoE
6:47 Loom
11:22 Feudal Age
16:07 Castle Age
17:48 Fletching
Connection lost

Rejoining the realm…

Still unreachable

The connection could not be restored.

Session expired

The server has moved on; the page needs a fresh start.